 Dungeon Crawl Stone Soup version 0.30-a0-760-g5a9884bb7c (webtiles) character file.

Game seed: 10143673974897910567

540809 wogdood the Imperceptible (level 24, -1/206 HPs)
             Began as a Vampire Brigand on Feb 9, 2023.
             Was the Champion of Wu Jian.
             Slain by a quicksilver dragon simulacrum (7 damage)
             ... on level 5 of the Vaults on Feb 10, 2023.
             The game lasted 05:12:43 (57258 turns).

wogdood the Imperceptible (Vampire Brigand)        Turns: 57258, Time: 05:12:44

Health: -1/206     AC: 16    Str: 15    XL:     24   Next: 73%
Magic:  0/41       EV: 45    Int:  7    God:    Wu Jian [******]
Gold:   855        SH: 23    Dex: 38    Spells: 23/23 levels left

rFire   + + .      SeeInvis +    a - +5 scimitar "Nuwas" {heavy, rPois Int-4 Dex+4 Stlth+}
rCold   + . .      Faith    .    J - +4 kite shield {reflect}
rNeg    . . .      Spirit   +    e - +3 leather armour of Masochism {rF+ Str+3 SInv Stlth+}
rPois   +          Reflect  +    Z - +2 helmet of Voecvab {rElec SInv}
rElec   +          Harm     .    t - scarf {repulsion}
rCorr   +          Rampage  .    R - +3 pair of gauntlets of War {Slay+5}
Will    +++..      Clarity  +    W - +2 pair of boots {Fly}
Stlth   +++++                    v - amulet of Linearity {Spirit rF+ MP+9}
HPRegen 0.74/turn                q - ring "Hikh" {Contam rPois Will+ MP+9 Dex+6}
MPRegen 0.27/turn                u - ring "Caecloe" {rCorr Str+4 Int-4 Dex+3}

@: in a heavenly storm, flying, healing quickly, glowing, repel missiles,
serpent's lash
A: alive, fangs 3, see invisible, vampiric 2, clarity, cold resistance 1,
deformed body, weak 1
}: 3/15 runes: serpentine, barnacled, abyssal
a: Exsanguinate, Renounce Religion, Wall Jump, Serpent's Lash, Heavenly Storm


You were on level 5 of the Vaults.
You worshipped Wu Jian.
Wu Jian was exalted by your worship.
You visited 9 branches of the dungeon, and saw 43 of its levels.
You visited the Abyss 1 time.
You visited 1 bazaar.
You also visited: Gauntlet.

You collected 5724 gold pieces.
You spent 4869 gold pieces at shops.

Inventory:

Hand Weapons
 a - the +5 scimitar "Nuwas" (weapon) {heavy, rPois Int-4 Dex+4 Stlth+}
   (You found it on level 4 of the Shoals)

   Int:       It affects your intelligence (-4).
   Dex:       It affects your dexterity (+4).
   rPois:     It protects you from poison.
   Stlth:     It makes you more stealthy.
 b - a +9 vampiric rapier
Missiles
 c - 2 datura-tipped darts
 h - 3 atropa-tipped darts
 p - 17 curare-tipped darts
 y - 6 throwing nets (quivered)
 P - 22 silver javelins
 S - 7 boomerangs of dispersal
Armour
 e - the +3 leather armour of Masochism (worn) {rF+ Str+3 SInv Stlth+}
   (You found it on level 3 of the Lair of Beasts)

   Str:       It affects your strength (+3).
   rF:        It protects you from fire.
   SInv:      It lets you see invisible.
   Stlth:     It makes you more stealthy.
 t - a scarf of repulsion (worn)
 J - a +4 kite shield of reflection (worn)
 R - the +3 pair of gauntlets of War (worn) {Slay+5}
   (You acquired it on level 14 of the Dungeon)

   Slay:      It affects your accuracy & damage with ranged weapons and melee
   (+5).
 W - a +2 pair of boots of flying (worn)
 Z - the +2 helmet of Voecvab (worn) {rElec SInv}
   (You bought it in a shop on level 2 of the Orcish Mines)

   rElec:     It insulates you from electricity.
   SInv:      It lets you see invisible.
Jewellery
 q - the ring "Hikh" (left hand) {Contam rPois Will+ MP+9 Dex+6}
   (You found it on level 1 of the Lair of Beasts)

   [ring of magical power]

   Dex:       It affects your dexterity (+6).
   rPois:     It protects you from poison.
   MP:        It affects your magic capacity (+9).
   Contam:    It causes magical contamination when unequipped.
   Will:      It increases your willpower.
 u - the ring "Caecloe" (right hand) {rCorr Str+4 Int-4 Dex+3}
   (You bought it in a shop on level 2 of the Snake Pit)

   [ring of resist corrosion]

   Str:       It affects your strength (+4).
   Int:       It affects your intelligence (-4).
   Dex:       It affects your dexterity (+3).
   rCorr:     It protects you from acid and corrosion.
 v - the amulet of Linearity (around neck) {Spirit rF+ MP+9}
   (You took it off a deep elf annihilator on level 3 of the Elven Halls)

   [amulet of guardian spirit]

   It causes incoming damage to be divided between your reserves of health and
   magic.
   rF:        It protects you from fire.
   MP:        It affects your magic capacity (+9).
Wands
 i - a wand of roots (29)
 I - a wand of mindburst (3)
 V - a wand of flame (22)
 X - a wand of digging (17)
Scrolls
 r - a scroll of fear
 K - a scroll of silence
 L - 4 scrolls of poison
 Y - a scroll of magic mapping
Potions
 d - a potion of berserk rage
 o - 2 potions of cancellation
 s - a potion of might
 w - 5 potions of resistance
 A - 8 potions of lignification
 B - 5 potions of ambrosia
 C - 24 potions of curing
 U - a potion of magic
Miscellaneous
 l - a box of beasts (inert)
 m - a lightning rod (4/4)
 E - a condenser vane (inert)
 F - a phial of floods


   Skills:
 * Level 20.9 Fighting
 - Level 9.9(14.9) Short Blades
 + Level 16.3(17.2) Long Blades
 - Level 1.6 Throwing
 - Level 9.0 Armour
 * Level 19.4 Dodging
 + Level 26.2 Stealth
 * Level 16.9 Shields
 - Level 11.7 Evocations


You had 23 spell levels left.
You didn't know any spells.
Your spell library contained the following spells:

 Spells                   Type           Power      Damage    Failure   Level
 Apportation              Tloc           0%         N/A       65%         1
 Freeze                   Ice            0%         1d3       65%         1
 Kiss of Death            Conj/Necr      0%         2d5       65%         1
 Necrotise                Necr           0%         1d4       65%         1
 Sandblast                Erth           0%         2d4       65%         1
 Slow                     Hex            0%         N/A       65%         1
 Sting                    Tmut/Pois      0%         1d3       65%         1
 Summon Small Mammal      Summ           0%         N/A       65%         1
 Blink                    Tloc           0%         N/A       80%         2
 Call Imp                 Summ           0%         N/A       80%         2
 Cigotuvi's Dreadful Rot  Necr/Pois/Air  0%         N/A       80%         2
 Lesser Beckoning         Tloc           0%         N/A       80%         2
 Momentum Strike          Conj/Tloc      0%         3d8       80%         2
 Passwall                 Tmut/Erth      0%         N/A       80%         2
 Poisonous Vapours        Pois/Air       0%         N/A       80%         2
 Wereblood                Tmut           0%         N/A       80%         2
 Call Canine Familiar     Summ           0%         N/A       95%         3
 Confusing Touch          Hex            0%         N/A       95%         3
 Dazzling Flash           Conj/Hex       0%         N/A       95%         3
 Frozen Ramparts          Ice            0%         1d1       95%         3
 Gell's Gravitas          Tloc           0%         N/A       95%         3
 Hailstorm                Conj/Ice       0%         3d3       95%         3
 Ignite Poison            Fire/Tmut/Pois 0%         N/A       95%         3
 Inner Flame              Hex/Fire       0%         N/A       95%         3
 Kindle Blastsparks       Fire/Tloc/Air  0%         2d10      95%         3
 Mephitic Cloud           Conj/Pois/Air  0%         N/A       95%         3
 Ozocubu's Armour         Ice            0%         N/A       95%         3
 Portal Projectile        Hex/Tloc       0%         N/A       95%         3
 Stone Arrow              Conj/Erth      0%         3d7       95%         3
 Summon Guardian Golem    Hex/Summ       0%         N/A       95%         3
 Teleport Other           Tloc           0%         N/A       95%         3
 Tukima's Dance           Hex            0%         N/A       95%         3
 Vampiric Draining        Necr           0%         2d6       95%         3
 Anguish                  Hex/Necr       0%         N/A       100%        4
 Animate Armour           Summ/Erth      0%         N/A       100%        4
 Animate Dead             Necr           0%         N/A       100%        4
 Dispel Undead            Necr           0%         3d6       100%        4
 Flame Wave               Conj/Fire      0%         2d4       100%        4
 Ice Form                 Ice/Tmut       0%         N/A       100%        4
 Iskenderun's Mystic Bla  Conj/Tloc      0%         2d3       100%        4
 Leda's Liquefaction      Hex/Erth       0%         N/A       100%        4
 Olgreb's Toxic Radiance  Pois           0%         N/A       100%        4
 Sticky Flame             Conj/Fire      0%         2d3       100%        4
 Summon Ice Beast         Ice/Summ       0%         N/A       100%        4
 Summon Lightning Spire   Summ/Air       0%         N/A       100%        4
 Agony                    Necr           0%         N/A       100%        5
 Alistair's Intoxication  Tmut/Pois      0%         N/A       100%        5
 Blade Hands              Tmut           0%         N/A       100%        5
 Borgnjor's Vile Clutch   Necr/Erth      0%         N/A       100%        5
 Fireball                 Conj/Fire      0%         3d3       100%        5
 Freezing Cloud           Conj/Ice/Air   0%         6-21      100%        5
 Irradiate                Conj/Tmut      0%         3d11      100%        5
 Iskenderun's Battlesphe  Conj           0%         2d6       100%        5
 Lee's Rapid Deconstruct  Erth           0%         3d4*      100%        5
 Silence                  Hex/Air        0%         N/A       100%        5
 Yara's Violent Unravell  Hex/Tmut       0%         3d3       100%        5
 Conjure Ball Lightning   Conj/Air       0%         3x3d6     100%        6
 Death Channel            Necr           0%         N/A       100%        6
 Iron Shot                Conj/Erth      0%         9d1       100%        6
 Starburst                Conj/Fire      0%         6d3       100%        6
 Statue Form              Tmut/Erth      0%         N/A       100%        6
 Summon Cactus Giant      Summ           0%         N/A       100%        6
 Dragon Form              Tmut           0%         N/A       100%        7
 Enfeeble                 Hex            0%         N/A       100%        7
 Orb of Destruction       Conj           0%         9d5       100%        7
 Ozocubu's Refrigeration  Ice            0%         4d7       100%        7
 Spellforged Servitor     Conj/Summ      0%         N/A       100%        7
 Ignition                 Fire           0%         3d3       100%        8
 Lehudib's Crystal Spear  Conj/Erth      0%         10d2      100%        8


Dungeon Overview and Level Annotations

Branches:
Dungeon (15/15)            Temple (1/1) D:5            Lair (5/5) D:9
 Shoals (4/4) Lair:3        Snake (4/4) Lair:2        Slime (0/5) Lair:4
    Orc (2/2) D:11            Elf (3/3) Orc:2        Vaults (5/5) D:14
  Crypt (0/3) Vaults:3     Depths (4/4) D:15            Zot (0/5) Depths:4
Gauntlet (visited)

Altars:
Ashenzari
Cheibriados
Dithmenos
Fedhas
Gozag
Hepliaklqana
Kikubaaqudgha
Makhleb
Nemelex Xobeh
Okawaru
Qazlal
Sif Muna
Trog
Uskayaw
Vehumet
Wu Jian
Xom
Yredelemnul

Shops:
D:14 ?**   Orc:1 *   Orc:2 =*(*   Shoals:3 [   Snake:2 ::=   Snake:3 [*
Vaults:2 *([(*   Vaults:3 *   Depths:1 *(

Portals:
Hell: Depths:1 Depths:2 Depths:3 Depths:4
Abyss: Depths:2 Depths:3
Pandemonium: Orc:2 Depths:2
Ziggurat: Depths:3
Trove: D:15 (give 6 scrolls of fog)

Annotations:
D:12 1 runed translucent door
Temple 2 transporters
Lair:3 2 transporters, Huaprist's ghost, journeyman DEIE
Lair:5 exclusion: oklob plant
Shoals:4 exclusion: oklob plant
Elf:2 5 runed translucent doors, PigKeeper's ghost, adept TeCA
Vaults:3 36 runed doors, Mennas
Depths:3 exclusions: ancient lich and 3 more exclusions
Depths:4 6 runed translucent doors


Innate Abilities, Weirdness & Mutations

Your natural rate of healing is accelerated.
You have razor-sharp teeth.
You have supernaturally acute eyesight. (SInv)
You are afflicted with vampirism and can become a bat while bloodless.
You possess an exceptional clarity of mind.
Your flesh is cold resistant. (rC+)
Armour fits poorly on your strangely shaped body.
You are weak. (Str -2)


Message History

You block the quicksilver dragon simulacrum's attack. x2
The vault guard hits you with a +2 great sword of holy wrath!!
* * * LOW HITPOINT WARNING * * *
You convulse!!
* * * LOW HITPOINT WARNING * * *
Okay, then.
Okay, then.
Okay, then.
Hit: a) +5 scimitar "Nuwas" {heavy, rPois Int-4 Dex+4 Stlth+}
Press: ? - help, Dir - move target, f - vault guard
Aim: a vault guard, wielding a +1 war axe, wearing a +0 chain mail and wearing a +2 kite shield (golden dust, severely wounded, haloed, about 10% to evade the +5 scimitar "Nuwas")
Your weapon can't reach that far!
Okay, then.
Unknown command.
Your muscles tense, ready for explosive movement...
You spin and attack the vault guard, with incredible momentum.
You cut the vault guard into ribbons!!!
You blow up the vault guard!
The Council accepts your kill.
You spin and attack the vault guard, with incredible momentum.
You hit the vault guard.
The vault guard is lightly wounded.
You carve the vault guard like a ham!!!!
You kill the vault guard!
The Council accepts your kill.
A freezing mist starts to gather...
A vault guard simulacrum comes into view.
As you read the scroll of fear, it crumbles to dust.
You assume a fearsome visage.
The quicksilver dragon simulacrum is unaffected.
The titan easily resists.
The vault guard simulacrum is unaffected.
The vault guard looks frightened!
The vault warden looks frightened!
The stone giant looks frightened!
The quicksilver dragon simulacrum completely misses you.
The quicksilver dragon simulacrum claws you.
* * * LOW HITPOINT WARNING * * *
The quicksilver dragon simulacrum freezes you!
You resist.
You die...

..#.## .....##. .....p.
.....###################
..........p.§☼Z§p§§.....
<......)..pZpppZ@☼§.....
)<.....TQpp.C○C§C§§.....
§.....pTc.☼§D☼§§§☼☼.....
)...####################
....# ..##+. ..# ..+ ..#
.# ..# #


You could see a titan, a stone giant (soul bound, fleeing), 2 vault guards, a
quicksilver dragon simulacrum and a vault guard simulacrum.

Vanquished Creatures
  Mara (Elf:3)
  2 juggernauts
  Frederick (Vaults:3)
  A caustic shrike (Depths:3)
  A pearl dragon (Abyss:3)
  4 bone dragons
  the Enchantress (Depths:2)
  5 liches
  3 tentacled monstrosities
  Mlioglotl (Snake:4)
  2 deep elf master archers (Elf:3)
  3 sphinxes
  2 deep elf blademasters (Elf:3)
  An Executioner (Abyss:3)
  2 quicksilver dragons
  An ancient champion (Vaults:3)
  Polyphemus (Shoals:2)
  13 tentacled starspawn
  6 shadow dragons
  Roxanne (Shoals:1)
  A storm dragon (Depths:3)
  2 nagarajas
  Donald (Shoals:2)
  A tengu reaver (Vaults:4)
  6 deep elf sorcerers
  6 frost giants
  6 fire giants
  2 balrugs
  A curse skull (Vaults:3)
  9 vault wardens
  2 orc warlords
  2 draconian scorchers (Depths:4)
  A deep elf elementalist (Elf:3)
  A ghoul (Vaults:2)
  11 ironbound preservers
  A draconian shifter (Depths:4)
  2 reapers (Abyss:3)
  A caustic shrike skeleton (Depths:1)
  4 spriggan defenders
  A cacodemon (Abyss:4)
  12 stone giants
  5 ironbound thunderhulks
  5 deep elf annihilators (Elf:3)
  24 very ugly things
  2 vampire knights
  4 green draconians
  5 deep elf demonologists
  6 black draconians (Depths:4)
  2 white draconians (Depths:4)
  2 purple draconians (Depths:4)
  3 yellow draconians (Depths:4)
  3 spark wasps
  A red draconian (Abyss:1)
  12 dire elephants
  A minotaur (Gauntlet)
  10 deep elf death magi
  Snorg (D:11)
  The ghost of jt the Fighter, a journeyman OgRe of Nemelex Xobeh (D:10)
  5 merfolk javelineers
  2 crystal guardians (Vaults:4)
  6 ettins
  A blizzard demon (Abyss:4)
  9 fire dragons
  A green death (Abyss:1)
  4 great orbs of eyes
  Josephine (D:15)
  9 merfolk impalers
  8 jiangshi
  3 deep elf high priests (Elf:3)
  6 yaktaur captains
  5 ice dragons
  A peacekeeper (Vaults:4)
  3 hell beasts
  24 vault guards
  6 hydras
  5 salamander tyrants
  Fannar (Orc:1)
  3 merfolk avatars
  2 demonspawn (Orc:2)
  8 rakshasas
  3 catoblepae
  5 spriggan air magi
  6 two-headed ogres
  9 anacondas
  9 ironbound frosthearts
  10 centaur warriors
  A satyr (Shoals:3)
  22 dancing weapons
  An ogre mage (D:15)
  7 boulder beetles
  15 death yaks
  5 merfolk aquamancers
  A satyr (shapeshifter) (Vaults:4)
  2 tengu warriors
  Urug (Lair:4)
  6 deep troll earth magi
  8 naga warriors
  2 vampire magi
  5 deep troll shamans
  10 thrashing horrors
  5 orc high priests (Orc:2)
  13 hell hogs
  11 naga sharpshooters
  A shock serpent (shapeshifter) (Depths:3)
  6 soul eaters
  3 spriggan berserkers
  9 shock serpents
  Sonja (Lair:4)
  14 deep elf knights
  10 sun demons
  Amaemon (D:10)
  3 skeletal warriors (D:14)
  9 wretched stars
  A titan skeleton (Vaults:3)
  5 iron trolls
  3 hell knights
  A storm dragon skeleton (Depths:1)
  An anaconda zombie (Abyss:3)
  13 sea snakes
  10 salamander mystics
  54 deep trolls
  A death drake (Abyss:3)
  2 flayed ghosts
  3 glowing orange brains
  17 lindwurms
  15 ironbound convokers
  9 naga ritualists
  10 deep elf archers
  An orb spider (Abyss:4)
  A harpy (shapeshifter) (D:15)
  7 orc knights
  A tengu zombie (Depths:1)
  29 harpies
  41 starcursed masses
  4 phantasmal warriors
  15 deep elf zephyrmancers
  6 wizards
  16 deep elf pyromancers
  16 mana vipers
  8 necromancers
  A wolf spider (D:12)
  29 ugly things
  3 human zombies
  10 orc sorcerers
  A salamander (shapeshifter) (D:14)
  A faun (shapeshifter) (Elf:3)
  9 cyclopes
  19 manticores
  19 salamanders
  A stone giant zombie (Depths:1)
  2 worldbinders (Abyss:3)
  11 elephants
  8 merfolk sirens
  18 fauns
  16 vault sentinels
  A naga zombie (Abyss:3)
  An elf zombie (Vaults:3)
  2 rust devils
  19 naga magi
  An eye of devastation (Abyss:3)
  4 apocalypse crabs
  48 black mambas
  6 water nymphs
  A gargoyle (D:12)
  2 orange demons
  14 smoke demons
  9 guardian serpents
  7 cane toads
  A water nymph (shapeshifter) (D:15)
  A cane toad (shapeshifter) (D:12)
  A rime drake (shapeshifter) (Elf:1)
  A yaktaur zombie (Vaults:3)
  An efreet (Abyss:4)
  2 kobold demonologists
  A tormentor (Abyss:3)
  7 komodo dragons
  A redback zombie (D:15)
  A human skeleton (Vaults:2)
  A tengu conjurer (Depths:3)
  3 freezing wraiths
  2 rime drakes
  8 yaktaurs
  2 unseen horrors
  3 ice devils
  A red devil (Orc:2)
  3 ancient zymes
  7 trolls
  9 wind drakes
  A harpy zombie (D:15)
  3 hellwings
  A meliai (shapeshifter) (D:12)
  A troll (shapeshifter) (D:14)
  42 merfolk
  4 polar bears
  2 tarantellas (shapeshifter)
  9 hornets
  35 slime creatures
  An ettin zombie (Vaults:2)
  15 raiju
  7 dream sheep (Lair:4)
  14 blink frogs
  7 snapping turtles
  Sigmund (D:5)
  3 air elementals
  18 spriggans
  2 centaur simulacra (D:15)
  15 water elementals
  4 fire bats
  4 ynoxinuls
  2 shadows
  36 yaks
  6 wyverns
  Grum (D:8)
  7 wraiths
  5 basilisks
  3 humans (D:14)
  9 fire elementals
  A steam dragon (D:8)
  8 chaos spawn
  A redback (shapeshifter) (Depths:3)
  6 neqoxecs
  4 vampire mosquitoes (D:10)
  35 nagas
  Edmund (D:5)
  15 small abominations
  4 wargs
  A glowing shapeshifter zombie (Vaults:2)
  16 water moccasins
  8 hell hounds
  Duvessa (D:4)
  19 large abominations
  2 ice beasts
  2 sky beasts
  3 ettin simulacra (Depths:2)
  A swamp drake (D:11)
  8 black bears
  8 ogres
  29 orc warriors
  31 wolves
  5 boggarts (Lair:5)
  26 centaurs
  2 kobold brigands
  2 phantoms
  2 gnoll sergeants
  Blork the orc (D:5)
  6 bullfrogs
  An ogre simulacrum (Vaults:2)
  A necrophage (D:8)
  3 scorpions
  3 earth elementals (Elf:2)
  23 wights
  A glowing shapeshifter simulacrum (Vaults:2)
  Dowan (D:4)
  8 killer bees
  3 electric eels
  A howler monkey (D:13)
  4 crimson imps (D:15)
  3 quasits (Abyss:3)
  4 hounds
  Crazy Yiuf (D:4)
  4 jellies
  19 orc priests
  2 iron imps
  4 iguanas
  17 orc wizards
  Terence (D:3)
  8 gnolls
  9 adders
  A shadow imp (D:7)
  8 white imps
  5 ufetubi
  2 worms (D:2)
  2 dart slugs
  67 orcs
  8 ball pythons
  5 endoplasms
  7 giant cockroaches
  4 goblins
  3 hobgoblins
  12 jackals
  11 kobolds
  4 quokkas
  4 bats
  4 frilled lizards
  A rat (D:3)
  A fire vortex (Depths:2)
  A lurking horror (Abyss:4)
  3 starspawn tentacles
1928 creatures vanquished.

Vanquished Creatures (others)
  An ettin (Depths:1)
  A merfolk aquamancer (Shoals:4)
  A deep troll earth mage (Depths:2)
  A deep elf knight (Elf:2)
  A deep elf pyromancer (Elf:2)
  A mana viper (Snake:4)
  A salamander (Snake:4)
  A black mamba (Snake:4)
  A raiju (Abyss:3)
  2 nagas (Snake:4)
  A hell hound (Abyss:3)
  2 small abominations (Abyss:3)
  An orc priest (Orc:2)
  An ufetubus (Abyss:3)
  A bush (Lair:4)
  18 fungi
  A lurking horror (Abyss:4)
  173 plants
  36 starspawn tentacles
  19 withered plants (Gauntlet)
264 creatures vanquished.

Grand Total: 2192 creatures vanquished

Notes
Turn   | Place    | Note
-------+----------+-------------------------------------------
     0 | D:1      | wogdood the Vampire Brigand began the quest for the Orb.
     0 | D:1      | Reached XP level 1. HP: 16/16 MP: 1/1
   127 | D:1      | Found a faded altar of an unknown god.
   199 | D:1      | Reached XP level 2. HP: 16/22 MP: 2/2
   684 | D:2      | Gained mutation: You are afflicted with vampirism and can
                  | become a bat while bloodless. [Vampire growth]
   684 | D:2      | Reached XP level 3. HP: 16/28 MP: 3/3
   687 | D:2      | Reached skill level 1 in Evocations
  1000 | D:2      | Reached skill level 1 in Shields
  1610 | D:3      | Noticed Terence
  1636 | D:3      | Killed Terence
  1637 | D:3      | Reached XP level 4. HP: 5/34 MP: 4/4
  2051 | D:3      | Reached skill level 6 in Stealth
  2504 | D:3      | Reached XP level 5. HP: 41/41 MP: 5/5
  2685 | D:4      | Noticed a black bear
  2744 | D:4      | Killed a black bear
  2745 | D:4      | Reached XP level 6. HP: 4/46 MP: 6/6
  3371 | D:4      | Found a runed translucent door.
  3372 | D:4      | Noticed Crazy Yiuf
  3560 | D:4      | Noticed Duvessa
  3566 | D:4      | Noticed Dowan
  3571 | D:4      | Killed Duvessa
  3583 | D:4      | Killed Dowan
  3584 | D:4      | Reached skill level 7 in Stealth
  3584 | D:4      | Reached XP level 7. HP: 44/54 MP: 7/7
  3739 | D:4      | Killed Crazy Yiuf
  3798 | D:5      | Entered Level 5 of the Dungeon
  3830 | D:5      | Noticed Edmund
  3833 | D:5      | Killed Edmund
  3834 | D:5      | Reached skill level 5 in Short Blades
  3844 | D:5      | Noticed Sigmund
  3869 | D:5      | Killed Sigmund
  3915 | D:5      | Reached skill level 5 in Fighting
  3974 | D:5      | Reached XP level 8. HP: 31/62 MP: 8/8
  4189 | D:5      | Reached skill level 8 in Stealth
  4312 | D:5      | Found a staircase to the Ecumenical Temple.
  4346 | Temple   | Entered the Ecumenical Temple
  4346 | Temple   | Found a transporter.
  4346 | Temple   | Found a transporter.
  4348 | Temple   | Found a transporter.
  4348 | Temple   | Found a transporter.
  4366 | Temple   | Became a worshipper of the Wu Jian Council
  4566 | D:5      | Noticed Blork the orc
  4572 | D:5      | Killed Blork the orc
  4611 | D:5      | Identified the +11 dagger of Revolt {elec, rN+ Dex+3}
  5085 | D:6      | Reached skill level 9 in Stealth
  5113 | D:6      | Reached XP level 9. HP: 71/71 MP: 9/9
  5162 | D:6      | Reached * piety under Wu Jian
  5351 | D:6      | Found a blossoming altar of Fedhas.
  5850 | D:7      | Found a broken altar of Ashenzari.
  5851 | D:7      | Found a shadowy altar of Dithmenos.
  5857 | D:7      | Reached skill level 10 in Stealth
  5880 | D:7      | Found a shimmering blue altar of Sif Muna.
  6093 | D:8      | Noticed Grum
  6112 | D:8      | Reached skill level 5 in Evocations
  6119 | D:8      | Killed Grum
  6325 | D:8      | Noticed a two-headed ogre
  6339 | D:8      | Killed a two-headed ogre
  6340 | D:8      | Reached XP level 10. HP: 62/80 MP: 10/10
  6432 | D:8      | Reached skill level 11 in Stealth
  6553 | D:8      | Reached ** piety under Wu Jian
  7413 | D:9      | Found a staircase to the Lair.
  7807 | D:10     | Entered Level 10 of the Dungeon
  7836 | D:10     | Reached skill level 12 in Stealth
  7904 | D:10     | Reached *** piety under Wu Jian
  7986 | D:10     | Noticed a two-headed ogre
  7988 | D:10     | Killed a two-headed ogre
  7989 | D:10     | Reached XP level 11. HP: 89/89 MP: 11/11
  8002 | D:10     | Noticed Amaemon
  8018 | D:10     | Killed Amaemon
  8090 | D:10     | Found a runed translucent door.
  8090 | D:10     | Noticed jt's ghost (journeyman OgRe)
  8132 | D:10     | Reached skill level 10 in Fighting
  8340 | D:10     | Found an iron altar of Okawaru.
  8712 | D:10     | Reached skill level 13 in Stealth
  9361 | D:11     | Noticed a centaur warrior
  9375 | D:11     | Killed a centaur warrior
  9384 | D:11     | Reached skill level 1 in Long Blades
  9553 | D:11     | Noticed a boulder beetle
  9587 | D:11     | Killed a boulder beetle
 10157 | D:11     | Noticed Snorg
 10279 | D:11     | Reached **** piety under Wu Jian
 10400 | D:11     | Found a staircase to the Orcish Mines.
 10552 | D:11     | Killed Snorg
 10751 | D:12     | Found a runed translucent door.
 10752 | D:12     | Noticed a rakshasa
 10752 | D:12     | Noticed a deep elf pyromancer
 10991 | Lair:1   | Entered Level 1 of the Lair of Beasts
 11129 | Lair:1   | Reached XP level 12. HP: 92/96 MP: 12/12
 11261 | Lair:1   | Identified the ring "Hikh" {Contam rPois Will+ MP+9 Dex+6}
 11646 | Lair:2   | Found a staircase to the Snake Pit.
 11658 | Lair:2   | Reached skill level 14 in Stealth
 11738 | Lair:2   | Found a gate leading to a gauntlet.
 11765 | Gauntlet | Entered a Gauntlet
 11765 | Gauntlet | Found a transporter.
 11765 | Gauntlet | Found a transporter.
 11765 | Gauntlet | Found a transporter.
 11769 | Gauntlet | Found a transporter.
 11769 | Gauntlet | Found a transporter.
 11781 | Gauntlet | Found a transporter.
 11783 | Gauntlet | Found a transporter.
 11785 | Gauntlet | Noticed a four-headed hydra
 11785 | Gauntlet | Noticed a dire elephant
 11789 | Gauntlet | Noticed a ghost crab
 11793 | Gauntlet | Found a transporter.
 11887 | Gauntlet | Found a transporter.
 11895 | Gauntlet | Found a transporter.
 11895 | Gauntlet | Found the +6 Majin-Bo {spellvamp, MP+6 Int+6}
 11899 | Gauntlet | Found a transporter.
 11914 | Gauntlet | Found a transporter.
 12052 | Gauntlet | Gained mutation: You are weak. (Str -2) [a neqoxec]
 12064 | Gauntlet | Gained mutation: Armour fits poorly on your strangely
                  | shaped body. [a neqoxec]
 12087 | Gauntlet | Identified the +1 buckler of Vysu {rCorr Dex-4 Stlth+}
 12094 | Gauntlet | Identified the +0 pair of boots of Light {Str+3}
 12101 | Gauntlet | Killed a dire elephant
 12146 | Gauntlet | Noticed a minotaur
 12162 | Gauntlet | Killed a minotaur
 13676 | Lair:3   | Found a staircase to the Shoals.
 13688 | Lair:3   | Reached skill level 5 in Dodging
 13812 | Lair:3   | Found a bloodstained altar of Trog.
 13814 | Lair:3   | Noticed Huaprist's ghost (journeyman DEIE)
 13819 | Lair:3   | Found a transporter.
 13824 | Lair:3   | Found a transporter.
 13873 | Lair:3   | Identified the +3 leather armour of Masochism {rF+ Str+3
                  | SInv Stlth+}
 14055 | Lair:3   | Identified the +5 dagger of Regicide {spect, Int+3}
 14063 | Lair:3   | Got the Disquisition on the Congregation and Terra Firma
 14226 | Lair:4   | Noticed a five-headed hydra
 14237 | Lair:4   | Killed a five-headed hydra
 14238 | Lair:4   | Reached skill level 15 in Stealth
 14238 | Lair:4   | Reached XP level 13. HP: 89/108 MP: 13/13
 14334 | Lair:4   | Reached skill level 5 in Long Blades
 14334 | Lair:4   | Reached skill level 5 in Shields
 14337 | Lair:4   | Found a staircase to the Slime Pits.
 14341 | Lair:4   | Noticed Sonja
 14368 | Lair:4   | Killed Sonja
 14544 | Lair:4   | Noticed Urug
 14549 | Lair:4   | Killed Urug
 14551 | Lair:4   | Reached ***** piety under Wu Jian
 15239 | Lair:5   | Entered Level 5 of the Lair of Beasts
 15684 | Lair:5   | Reached skill level 16 in Stealth
 16022 | Lair:5   | Identified a scroll of acquirement
 16024 | Lair:5   | Reached XP level 14. HP: 118/118 MP: 14/14
 16063 | Lair:5   | Acquired the amulet "Pakupp" {Acrobat rF+ Stlth+}
 16323 | Lair:5   | Reached ****** piety under Wu Jian
 17284 | Orc:1    | Entered Level 1 of the Orcish Mines
 17550 | Orc:1    | Noticed Fannar
 17551 | Orc:1    | Found Koitzemi's CLEARANCE SALE!.
 17641 | Orc:1    | Killed Fannar
 17728 | Orc:2    | Entered Level 2 of the Orcish Mines
 17728 | Orc:2    | Noticed an orc warlord
 18055 | Orc:2    | Killed an orc warlord
 18211 | Orc:2    | Found a staircase to the Elven Halls.
 18317 | Orc:2    | Found Akloc's General Store.
 18320 | Orc:2    | Found Myst's General Store.
 18351 | Orc:2    | Reached skill level 17 in Stealth
 18674 | Orc:2    | Reached skill level 10 in Evocations
 19227 | Orc:2    | Found Soij's Jewellery Emporium.
 19227 | Orc:2    | Found Erepil's Antique Weapon Shoppe.
 19227 | Orc:2    | Found a one-way gate leading to the halls of Pandemonium.
 19234 | Orc:2    | Reached XP level 15. HP: 124/127 MP: 15/15
 19247 | Orc:2    | Bought a crystal falchion for 216 gold pieces
 19247 | Orc:2    | Identified the +10 falchion "Newtbane" {flame, rF+ rN+
                  | Int-5} (You bought it in a shop on level 2 of the Orcish
                  | Mines)
 19314 | Orc:2    | Bought the +2 helmet of Voecvab {rElec SInv} for 359 gold
                  | pieces
 19314 | Orc:2    | Bought a potion of heal wounds for 55 gold pieces
 19314 | Orc:2    | Bought a potion of curing for 33 gold pieces
 19314 | Orc:2    | Bought a scroll of enchant armour for 82 gold pieces
 19529 | Shoals:1 | Entered Level 1 of the Shoals
 19824 | Shoals:1 | Identified Roxanne's Compilation of the Mantle
 19824 | Shoals:1 | Noticed Roxanne
 19841 | Shoals:1 | Killed Roxanne
 20647 | Shoals:2 | Identified the +2 ring mail of Ufeukk {Harm Fly rPois}
 20648 | Shoals:2 | Identified the +8 short sword "Qapo" {freeze, Dex+4}
 20710 | Shoals:2 | Noticed Donald
 20719 | Shoals:2 | Killed Donald
 21086 | Shoals:2 | Reached skill level 18 in Stealth
 21119 | Shoals:2 | Noticed Polyphemus
 21130 | Shoals:2 | Killed Polyphemus
 21303 | Shoals:3 | Reached skill level 15 in Fighting
 21938 | Shoals:3 | Reached skill level 10 in Dodging
 21975 | Shoals:3 | Reached XP level 16. HP: 118/121 MP: 16/16
 22218 | Orc:2    | Bought a scroll of enchant weapon for 112 gold pieces
 22836 | Shoals:3 | Found a hazy altar of Hepliaklqana.
 23204 | Shoals:3 | Found Wuywisee's Armour Emporium.
 23708 | Shoals:4 | Entered Level 4 of the Shoals
 23867 | Shoals:4 | Found a snail-covered altar of Cheibriados.
 24049 | Shoals:4 | Identified the +7 chain mail of Blue Skies {rC+ rN+ Stlth+}
 24290 | Shoals:3 | Reached skill level 19 in Stealth
 24515 | Shoals:4 | Identified the +3 robe of Jezok {-Tele Regen+ Str+5
                  | Archmagi}
 25005 | Shoals:4 | Identified the +5 scimitar "Nuwas" {heavy, rPois Int-4
                  | Dex+4 Stlth+}
 25193 | Shoals:4 | Reached skill level 10 in Long Blades
 25778 | Shoals:4 | Got a barnacled rune of Zot
 26117 | Orc:2    | Paralysed by an orc sorcerer for 3 turns
 26221 | Orc:2    | Bought a +5 ring of evasion for 504 gold pieces
 26283 | Elf:1    | Entered Level 1 of the Elven Halls
 26499 | Elf:1    | Reached XP level 17. HP: 135/144 MP: 17/17
 26616 | Elf:1    | Identified the +1 leather armour of Undesirable Species
                  | {rF+}
 26813 | Elf:1    | Reached skill level 1 in Armour
 27456 | Elf:2    | Found a large runed translucent door.
 27456 | Elf:2    | Found a large runed translucent door.
 27457 | Elf:2    | Noticed PigKeeper's ghost (adept TeCA)
 27810 | Elf:2    | Found a runed translucent gate.
 27810 | Elf:2    | Found a runed translucent gate.
 27810 | Elf:2    | Found a runed translucent gate.
 27948 | Elf:3    | Entered Level 3 of the Elven Halls
 28188 | Elf:3    | Noticed Mara
 28252 | Elf:3    | Reached skill level 5 in Armour
 28758 | Elf:3    | Noticed wogdood's illusion
 28772 | Elf:3    | Killed Mara
 29124 | Elf:3    | Noticed a deep elf blademaster
 29136 | Elf:3    | Killed a deep elf blademaster
 29321 | Elf:3    | Noticed a deep elf master archer
 29321 | Elf:3    | Noticed a deep elf master archer
 29331 | Elf:3    | Killed a deep elf master archer
 29336 | Elf:3    | Killed a deep elf master archer
 29543 | Elf:3    | Noticed a deep elf blademaster
 29559 | Elf:3    | Identified the amulet of Linearity {Spirit rF+ MP+9}
 29559 | Elf:3    | Killed a deep elf blademaster
 29567 | Elf:3    | Reached XP level 18. HP: 113/152 MP: 18/18
 29584 | Elf:3    | Identified the ring "Cunt" {rN+ Str+8}
 29856 | Elf:3    | Noticed an Ice Fiend
 29864 | Elf:3    | Noticed a Brimstone Fiend
 30072 | Elf:3    | Got the Anthology of the Mushroom
 30075 | Elf:3    | Identified the +1 chain mail of Exclusion {Int+4 Stlth+}
 30084 | Elf:3    | Got the Compilation of the Beguiling Switch
 30520 | Snake:1  | Entered Level 1 of the Snake Pit
 31314 | Snake:2  | Found Asus's Book Boutique.
 31315 | Snake:2  | Found Uruc's Jewellery Shoppe.
 31316 | Snake:2  | Found Pierozut's Book Boutique.
 31323 | Snake:2  | Bought the ring "Caecloe" {rCorr Str+4 Int-4 Dex+3} for 632
                  | gold pieces
 31754 | Snake:2  | Reached skill level 20 in Stealth
 31816 | Snake:2  | Reached skill level 10 in Shields
 33396 | Snake:3  | Found Fuisoway's Assorted Antiques.
 33396 | Snake:3  | Found Cydeddui's Antique Armour Shoppe.
 33405 | Snake:3  | Bought a runed scarf for 208 gold pieces
 33421 | Snake:3  | Bought a pitted falchion for 344 gold pieces
 33421 | Snake:3  | Identified the +5 falchion of a volcano {freeze, rN+ Dex+2}
                  | (You bought it in a shop on level 3 of the Snake Pit)
 33421 | Snake:3  | Bought a potion of curing for 129 gold pieces
 33421 | Snake:3  | Bought a scroll of fog for 172 gold pieces
 33421 | Snake:3  | Bought 2 potions of heal wounds for 430 gold pieces
 34169 | Snake:4  | Entered Level 4 of the Snake Pit
 34220 | Snake:4  | Found Zoakhlub's Jewellery Emporium.
 34664 | Snake:4  | Reached skill level 21 in Stealth
 34863 | Snake:4  | Reached XP level 19. HP: 141/161 MP: 19/19
 35388 | Snake:4  | Noticed Mlioglotl
 35396 | Snake:4  | Killed Mlioglotl
 35915 | Snake:4  | Got a serpentine rune of Zot
 36398 | D:10     | Killed jt's ghost
 36632 | D:12     | Found a runed translucent door.
 36633 | D:12     | Found a runed translucent door.
 36777 | D:12     | Identified the +0 pair of boots of the Fifty Eyes {-Tele
                  | +Inv rN+ Regen+}
 37754 | D:13     | Reached skill level 22 in Stealth
 38014 | D:14     | Found Utuag's General Store.
 38039 | D:14     | Bought a potion of curing for 42 gold pieces
 38066 | D:14     | Found Yruoq's Magic Scroll Shoppe.
 38074 | D:14     | Bought a scroll of acquirement for 572 gold pieces
 38074 | D:14     | Bought a scroll of enchant armour for 82 gold pieces
 38077 | D:14     | Acquired the +3 pair of gauntlets of War {Slay+5}
 38077 | D:14     | Found the +3 pair of gauntlets of War {Slay+5}
 38204 | D:14     | Found Caila's Assorted Antiques.
 38471 | D:14     | Found a gateway to a bazaar.
 38516 | D:14     | Found an ancient bone altar of Kikubaaqudgha.
 38565 | D:14     | Found a gate to the Vaults.
 38739 | D:14     | Identified the amulet "Koukhoel" {Acrobat rCorr Str+2 Int+2
                  | Stlth+}
 38793 | D:15     | Entered Level 15 of the Dungeon
 38829 | D:15     | Noticed Josephine
 38840 | D:15     | Killed Josephine
 39026 | D:15     | Identified the +7 quarterstaff of True Grit {holy, Int+3}
 39228 | D:15     | Found a staircase to the Depths.
 39383 | D:15     | Found a portal to a secret trove of treasure.
 39850 | Vaults:1 | Entered Level 1 of the Vaults
 40098 | Vaults:1 | Reached XP level 20. HP: 111/170 MP: 20/20
 41259 | Vaults:2 | Found Cur Iziy's Weapon Boutique.
 41310 | Vaults:2 | Found Memiliun's Armour Emporium.
 41348 | Vaults:2 | Reached skill level 23 in Stealth
 41662 | Vaults:2 | Found Jucva's Weapon Shop.
 42506 | Vaults:2 | Reached skill level 15 in Dodging
 42522 | Vaults:2 | Found Roosutec's Assorted Antiques.
 42777 | Vaults:2 | Found Ufouv's Assorted Antiques.
 43052 | Vaults:3 | Found a staircase to the Crypt.
 43637 | Vaults:3 | Noticed Frederick
 43640 | Vaults:3 | Noticed Mennas
 43852 | Vaults:3 | Found a huge runed gate.
 43852 | Vaults:3 | Found a huge runed gate.
 43852 | Vaults:3 | Found a huge runed gate.
 43852 | Vaults:3 | Found a huge runed gate.
 43852 | Vaults:3 | Found a huge runed gate.
 43852 | Vaults:3 | Found a huge runed gate.
 43852 | Vaults:3 | Found a huge runed gate.
 43853 | Vaults:3 | Found a huge runed gate.
 43853 | Vaults:3 | Found a huge runed gate.
 43853 | Vaults:3 | Found a huge runed gate.
 43854 | Vaults:3 | Found a huge runed gate.
 43854 | Vaults:3 | Found a huge runed gate.
 43855 | Vaults:3 | Found a huge runed gate.
 43856 | Vaults:3 | Found a huge runed gate.
 43857 | Vaults:3 | Found a huge runed gate.
 43865 | Vaults:3 | Found a huge runed gate.
 43865 | Vaults:3 | Found a huge runed gate.
 43865 | Vaults:3 | Found a huge runed gate.
 43865 | Vaults:3 | Found a huge runed gate.
 43865 | Vaults:3 | Found a huge runed gate.
 43865 | Vaults:3 | Found a huge runed gate.
 43866 | Vaults:3 | Found a huge runed gate.
 43867 | Vaults:3 | Found a huge runed gate.
 43868 | Vaults:3 | Found a huge runed gate.
 43877 | Vaults:3 | Found a huge runed gate.
 43877 | Vaults:3 | Found a huge runed gate.
 43877 | Vaults:3 | Found a huge runed gate.
 43877 | Vaults:3 | Found a huge runed gate.
 43877 | Vaults:3 | Found a huge runed gate.
 43877 | Vaults:3 | Found a huge runed gate.
 43878 | Vaults:3 | Found a huge runed gate.
 43879 | Vaults:3 | Found a huge runed gate.
 43880 | Vaults:3 | Found a huge runed gate.
 43895 | Vaults:3 | Found a huge runed gate.
 43895 | Vaults:3 | Found a huge runed gate.
 43895 | Vaults:3 | Found a huge runed gate.
 44031 | Vaults:3 | Killed Frederick
 44032 | Vaults:3 | Reached XP level 21. HP: 178/178 MP: 21/21
 44364 | Depths:1 | Entered Level 1 of the Depths
 44372 | Depths:1 | Reached skill level 24 in Stealth
 44964 | Bazaar   | Entered a bazaar
 44968 | Bazaar   | Found Backolot's Jewellery Boutique.
 44990 | Bazaar   | Found Douwes's Antique Armour Emporium.
 45011 | Bazaar   | Found Wiunkor's Magic Scroll Boutique.
 45031 | Bazaar   | Found Satsu's Magic Scroll Shoppe.
 45074 | Bazaar   | Bought a glimmering buckler for 361 gold pieces
 45074 | Bazaar   | Identified the +1 buckler of Restlessness {rPois} (You
                  | bought it in a shop in a bazaar)
 45074 | Bazaar   | Bought a silken robe for 216 gold pieces
 45074 | Bazaar   | Identified the +1 robe of the Everdark {rF+ MP+9} (You
                  | bought it in a shop in a bazaar)
 45104 | Bazaar   | Bought a scroll of blinking for 82 gold pieces
 45465 | Vaults:3 | Found Seokun's Assorted Antiques.
 47209 | D:14     | Bought a scorched long sword for 238 gold pieces
 47209 | D:14     | Identified the +9 long sword "Puto" {vamp, Fly rN+ rCorr
                  | Str+3} (You bought it in a shop on level 14 of the Dungeon)
 48045 | Depths:1 | Identified an amulet "Xunnawov" {RegenMP Rampage MP+9
                  | Int-3}
 48161 | Depths:1 | Found Plog's Weapon Shop.
 48188 | Depths:1 | Identified the +4 flail of Tenacity {speed, Will++ Int+4
                  | SInv}
 48198 | Depths:1 | Found Big Baal Hell's Store.
 48210 | Depths:1 | Found a gateway to Hell.
 48625 | Depths:2 | Noticed the Enchantress
 49037 | Depths:2 | Found a one-way gate to the infinite horrors of the Abyss.
 49098 | Depths:2 | Reached skill level 15 in Long Blades
 49207 | Depths:2 | Killed the Enchantress
 49608 | Depths:2 | Reached XP level 22. HP: 188/188 MP: 22/22
 49896 | Depths:2 | Reached XP level 23. HP: 143/194 MP: 23/23
 50169 | Depths:2 | Upgraded the game from 0.30-a0-756-gc2185399d4 to
                  | 0.30-a0-760-g5a9884bb7c
 50278 | Depths:3 | Reached skill level 15 in Shields
 50579 | Depths:3 | Found a one-way gateway to a ziggurat.
 50579 | Depths:3 | Noticed an ancient lich
 50634 | Depths:3 | Noticed a juggernaut
 50651 | Depths:3 | Killed a juggernaut
 51008 | Depths:3 | Noticed a caustic shrike
 51023 | Depths:3 | Killed a caustic shrike
 51060 | Depths:3 | Reached skill level 25 in Stealth
 51555 | Depths:4 | Entered Level 4 of the Depths
 51628 | Depths:4 | Noticed a juggernaut
 52231 | Depths:4 | Killed a juggernaut
 52776 | Depths:3 | Identified the +7 demon blade of Feca {antimagic, Str+3}
 52778 | Depths:3 | Identified the +10 bardiche "Beetlebane" {flame, Will+
                  | Str+2 Int+2}
 53493 | Depths:4 | Found a runed translucent door.
 53552 | Depths:4 | Found a runed translucent door.
 53554 | Depths:4 | Found a runed translucent door.
 53565 | Depths:4 | Found a runed translucent door.
 53573 | Depths:4 | Found a runed translucent door.
 53573 | Depths:4 | Found a runed translucent door.
 53742 | Depths:4 | Found a gate to the Realm of Zot.
 53945 | Depths:2 | Voluntarily entered the Abyss.
 54090 | Abyss:1  | Found a corrupted altar of Lugonu.
 54113 | Abyss:1  | Gained mutation: You are vulnerable to cold. (rC-) [a
                  | neqoxec]
 54282 | Abyss:1  | Gained mutation: You are frail. (-10% HP) [a neqoxec]
 54450 | Abyss:1  | Reached XP level 24. HP: 183/183 MP: 23/23
 54524 | Abyss:2  | Found a corrupted altar of Lugonu.
 54562 | Abyss:2  | Found a corrupted altar of Lugonu.
 54571 | Abyss:2  | Found a corrupted altar of Lugonu.
 54606 | Abyss:2  | Paralysed by you for 4 turns
 55064 | Abyss:3  | Found a corrupted altar of Lugonu.
 55455 | Abyss:3  | Paralysed by accursed screaming for 1 turns
 55458 | Abyss:3  | Paralysed by accursed screaming for 1 turns
 55464 | Abyss:3  | Paralysed by accursed screaming for 1 turns
 55873 | Abyss:4  | Reached skill level 26 in Stealth
 56111 | Abyss:4  | Got an abyssal rune of Zot
 56113 | Abyss:4  | Paralysed by accursed screaming for 1 turns
 56118 | Abyss:4  | Paralysed by accursed screaming for 2 turns
 56188 | Depths:2 | Escaped the Abyss
 56477 | Depths:4 | Lost mutation: You are frail. (-10% HP) [potion of
                  | mutation]
 56477 | Depths:4 | Lost mutation: You are vulnerable to cold. (rC-) [potion of
                  | mutation]
 56477 | Depths:4 | Gained mutation: You possess an exceptional clarity of
                  | mind. [potion of mutation]
 56477 | Depths:4 | Gained mutation: Your flesh is cold resistant. (rC+)
                  | [potion of mutation]
 56872 | Vaults:5 | Entered Level 5 of the Vaults
 57256 | Vaults:5 | HP: 8/206 [vault guard/+2 great sword of holy wrath (12)]
 57258 | Vaults:5 | Slain by a quicksilver dragon simulacrum

Illustrated notes

Levels and vault maps discovered:
D:1:      sevenhm_arrival_forest_fort_large_4, layout_basic,
          chequers_ecumenical_altar_simple_redux, minmay_misc_feat_five
D:2:      layout_basic, chequers_serial_rivers_micro_a
D:3:      layout_loops_corners, uniq_terence
D:4:      layout_loops_ring, uniq_duvessa, uniq_crazy_yiuf_cottage
D:5:      layout_cave_pods, minmay_temple_entry_overgrown, uniq_edmund,
          uniq_blork_the_orc, uniq_sigmund
D:6:      layout_rooms, lemuel_tele_altar
D:7:      layout_rooms, mainiacjoe_overflow_paths,
          mainiacjoe_overflow_divided_tiny, minmay_crystal_room
D:8:      layout_basic, uniq_grum
D:9:      layout_stronghold, david_lair_generic, minivault_24
D:10:     minmay_weird_star, layout_grid_maze,
          mainiacjoe_overflow_small_starburst, ebering_ghost_inner_flame,
          amethyst_killhole, eino_tiny_chamber, uniq_amaemon
D:11:     layout_stronghold, erik_orc_1, uniq_snorg
D:12:     minmay_the_grid_triangle_9x9_rhombus_full_mashed
          [minmay_the_grid_triangle_9x9_empty,
          minmay_the_grid_triangle_9x9_swiss_cheese,
          minmay_the_grid_triangle_9x9_impossible_snake,
          minmay_the_grid_triangle_9x9_tough_junction,
          minmay_the_grid_triangle_9x9_shrine,
          minmay_the_grid_triangle_9x9_windchime,
          minmay_the_grid_triangle_9x9_subtriangle,
          minmay_the_grid_triangle_9x9_prize_center], layout_small_grid,
          lemuel_nasty_fountain
D:13:     layout_irregular_city
D:14:     layout_gridville, david_vaults_4, serial_shops, bzr_entry_customers,
          shop, nicolae_stop_n_shop_1, nicolae_inconvenience_store,
          serial_park_tiny_pond, nicolae_kikubaaqudgha_miasma_corner
D:15:     grunt_enter_depths_magical_seal, layout_loops_ring,
          nicolae_trove_entry_columns, minmay_misc_feat_room,
          minmay_fire_ice_demons, uniq_josephine
Temple:   hellmonk_temple_divided_pantheon
Lair:1:   layout_hall_layers, bh_autumn_forest_stairs
Lair:2:   layout_cave_pods, nicolae_snake_entry_squirm, gauntlet_entry_generic,
          serial_bayou, serial_bayou_crossing, serial_bayou_pond_e,
          serial_bayou_pond_c, serial_bayou_pond_a, lemuel_fruit_fields,
          serial_bayou_shore_b
Lair:3:   layout_regular_city, minmay_shoals_entry_centaurs,
          gammafunk_ghost_wrathful_warriors, minmay_lindwurm_lava
Lair:4:   layout_roguey, minmay_slime_entry_pillars, beast_lair_carwin_5,
          uniq_sonja, uniq_urug
Lair:5:   minmay_lair_end_enchanted_forest, layout_hall_layers
Shoals:1: layout_shoals, uniq_roxanne
Shoals:2: layout_shoals, nicolae_shoals_lost_giant_baths, uniq_polyphemus,
          uniq_donald
Shoals:3: layout_shoals, serial_shops, nicolae_shop_waterfront,
          lemuel_centaur_altar
Shoals:4: shoals_end_simple, layout_shoals, lemuel_oklob_altar
Snake:1:  layout_concentric_octagons
Snake:2:  layout_layer_cave, drop_trap, serial_bayou_pond_d,
          nicolae_triple_integral, minmay_shop_grove
Snake:3:  layout_onion, st_stairs_9, nicolae_snake_omega, minmay_shoptagon
Snake:4:  snake_pit_salamanders_mu, layout_rooms, minmay_shop_star,
          uniq_mlioglotl
Orc:1:    layout_caves, nicolae_shop_clearance, uniq_fannar
Orc:2:    pf_orc_diabolical, layout_caves, basic_altar
Elf:1:    eino_elf_arrival_sip, layout_geoelf_grid,
          hangedman_elven_crosses_minicolossus
Elf:2:    elven_hall_of_blades_hangedman_original [nicolae_blade_lattice],
          layout_geoelf_grid, ebering_ghost_disaster_area
Elf:3:    elf_hall, layout_geoelf_castle, grunt_ministairs_10, uniq_mara
Vaults:1: hangedman_vaults_stagger, vaults_room_large_hall,
          nicolae_vaults_specimen_jars, nicolae_vaults_little_squares_3,
          v_rooms_5, vaults_dpeg_encased_lava, v_alt_pattern_2,
          vaults_dpeg_emergency_exit, vaults_dpeg_ring,
          nicolae_vaults_yaktaur_gun_rack, hangedman_vaults_capsules,
          nicolae_vaults_little_squares_4, layout_vaults_maze_snakey
Vaults:2: v_misc_23, ontoclasm_vaults_shuriken, vaults_room_grid,
          grunt_vaults_focal, vaults_mumra_minichess_inversion,
          nicolae_vaults_circle_grid_a, serial_ice_m, v_pattern_2,
          hangedman_vaults_locks, vaults_room_door_hall,
          ontoclasm_vaults_ring_square, dpeg_vaults_monster_box,
          vaults_room_door_ring, nicolae_vaults_mini_display_case,
          layout_vaults_omnicross, serial_shops, shop_fountains,
          nicolae_shop_bloodbath_and_beyond, nicolae_shop_behind_doors,
          nicolae_lakefront_shop, nicolae_diamond_shop
Vaults:3: door_vault, hangedman_vaults_restitches,
          minmay_crypt_entry_simple_corners, v_misc_30, vaults_room_corners,
          nicolae_vaults_network_square, vaults_dpeg_doors, vaults_room_corners,
          hangedman_vaults_restitches, vaults_room_semicircle,
          layout_vaults_omnigrid, serial_shops, nicolae_shop_overgrown_old_shop,
          uniq_mennas, uniq_frederick
Vaults:4: v_misc_27, ontoclasm_vaults_bender, nicolae_vaults_little_squares_5,
          st_cross, vaults_mumra_chevron_long, v_misc_5,
          hangedman_vaults_stretched_pinwheel, grunt_vaults_hallway_long,
          vaults_room_hallway, ontoclasm_vaults_fault, grunt_vaults_funnel,
          nicolae_vaults_little_squares_4, ontoclasm_vaults_pinch, v_misc_27,
          layout_vaults_ring
Vaults:5
Depths:1: layout_cave_shapes, nicolae_hell_entry_big_baal_hell, serial_shops,
          nicolae_shop_advertising_works [nicolae_subvault_shop_adworks],
          minmay_misc_feat_doors, hangedman_decor_growths, st_stairs_1,
          minmay_checkered_concentric_circles
Depths:2: hangedman_elemental_death_ray, layout_cave_shapes, hellmouth_3,
          grunt_pan_entry_zigzag, abyss_entry, minmay_misc_feat_plants,
          uniq_enchantress
Depths:3: kennysheep_large_spiral, layout_gridville, enter_ziggurat_c,
          hellmouth_2, abyss_entry_glasseish, kennysheep_generic_room_11,
          infiniplex_staircase_squiggle
Depths:4: evilmike_zot_entry_castle, layout_basic, minmay_misc_feat_chi,
          hangedman_geh_valley

Skill      XL: |  1  2  3  4  5  6  7  8  9 10 11 12 13 14 15 16 17 18 19 20 21 22 23 24 |
---------------+-------------------------------------------------------------------------+-----
Fighting       | 2 3 4 5 6 8 9 11 12 13 14 15 16 17 18 19 20 | 20.9
Evocations     | 1 2 3 4 5 6 7 8 9 10 11 | 11.7
Shields        | 2 3 4 6 7 8 9 10 12 13 14 16 | 16.9
Stealth        | 6 7 9 10 12 13 15 16 17 18 19 21 22 23 24 25 26 | 26.2
Short Blades   | 3 4 5 7 9 |  9.9
Long Blades    | 2 4 6 7 9 10 12 13 14 15 16 | 16.3
Dodging        | 3 5 7 8 10 11 12 14 15 16 18 19 | 19.4
Armour         | 7 8 9 |  9.0
Throwing       | |  1.6

Action                     |  1- 3 |  4- 6 |  7- 9 | 10-12 | 13-15 | 16-18 | 19-21 | 22-24 || total
---------------------------+-------+-------+-------+-------+-------+-------+-------+-------++-------
  Melee: Dagger            |   102 |   195 |   229 |   547 |  1164 |       |       |       ||  2237
         Punch             |     1 |       |       |       |       |       |       |       ||     1
         Bite              |     7 |    19 |    29 |    82 |   271 |   185 |   239 |   210 ||  1042
         Falchion          |       |       |       |       |   229 |   224 |       |       ||   453
         Short sword       |       |       |       |       |    60 |     2 |       |       ||    62
         Rapier            |       |       |       |       |    10 |   137 |    66 |    35 ||   248
         Scimitar          |       |       |       |       |       |   787 |  1348 |  1103 ||  3238
  Throw: Dart              |     8 |    17 |    23 |    14 |       |       |     2 |       ||    64
         Javelin           |       |       |       |       |       |     8 |     1 |       ||     9
         Boomerang         |       |       |       |       |       |       |     4 |       ||     4
         Throwing net      |       |       |       |       |       |       |       |     1 ||     1
 Invoke: Heavenly Storm    |       |       |       |       |     2 |     4 |     3 |     3 ||    12
         Serpent's Lash    |       |       |       |       |       |       |       |     1 ||     1
Ability: Lunge             |       |       |    16 |    62 |    94 |   169 |   115 |    80 ||   536
         Whirlwind         |       |       |     5 |    64 |    73 |   112 |   179 |    82 ||   515
         Exsanguinate      |       |       |       |     3 |     2 |     4 |       |     1 ||    10
         Revivify          |       |       |       |     3 |     2 |     4 |       |     1 ||    10
         Evoke Invisibilit |       |       |       |     4 |    10 |     7 |       |       ||    21
         Wall Jump         |       |       |       |     4 |     2 |     6 |     6 |     3 ||    21
  Evoke: Wand              |       |       |       |     2 |    11 |     2 |     8 |     1 ||    24
         Box of beasts     |       |       |       |       |       |       |     2 |     1 ||     3
         Condenser vane    |       |       |       |       |       |       |       |     1 ||     1
    Use: Potion            |     2 |       |     3 |     7 |     8 |    16 |     9 |    10 ||    55
         Scroll            |       |    10 |     4 |    16 |    10 |    16 |    11 |    14 ||    81
   Stab: Sleeping          |    13 |     6 |    16 |    25 |    34 |    63 |    92 |    20 ||   269
         Distracted        |       |     1 |     1 |     4 |    12 |    19 |    17 |    34 ||    88
         Invisible         |       |       |     1 |    12 |    45 |    34 |       |     5 ||    97
         Paralysed         |       |       |       |       |     1 |       |       |       ||     1
         Held in net/web   |       |       |       |       |     1 |       |       |       ||     1
 Armour: Robe              |     8 |    36 |    30 |    34 |       |       |       |       ||   108
         Troll leather arm |       |       |       |    43 |   135 |    53 |       |       ||   231
         Leather armour    |       |       |       |       |       |    78 |   144 |   119 ||   341
  Dodge: Dodged            |    45 |    71 |    66 |   104 |   592 |   801 |  1026 |  1095 ||  3800
         Repelled          |       |       |       |       |       |    10 |    21 |    11 ||    42
  Block: Kite shield       |    16 |   107 |    85 |   197 |   826 |   884 |  1297 |  1254 ||  4666
         Reflection        |       |       |       |       |    40 |    78 |    62 |    14 ||   194

Table legend: (Time is in decaauts)
 A = Elapsed time spent in this place.
 B = Non-inter-level travel time spent in this place.
 C = Inter-level travel time spent in this place.
 D = Time resting spent in this place.
 E = Time spent auto-exploring this place.
 F = Levels seen in this place.
 G = Mean time per level.
                   A        B        C        D        E       F      G
               +--------+--------+--------+--------+--------+-----+--------+
         Total |  56825 |  52149 |   4676 |   8898 |  26460 |  49 | 1159.7 |
       Dungeon |  16032 |  14181 |   1851 |   1478 |   9186 |  15 | 1068.8 |
        Temple |     36 |     36 |      0 |      0 |      6 |   1 |   36.0 |
          Lair |   5811 |   5061 |    750 |    608 |   2821 |   5 | 1162.2 |
        Shoals |   5641 |   5319 |    322 |   1055 |   2181 |   4 | 1410.2 |
     Snake Pit |   5647 |   5454 |    193 |   1643 |   2406 |   4 | 1411.8 |
  Orcish Mines |   2582 |   2173 |    409 |    376 |    859 |   2 | 1291.0 |
   Elven Halls |   4028 |   3805 |    223 |    552 |   1570 |   3 | 1342.7 |
        Vaults |   7284 |   6629 |    655 |   1173 |   3643 |   5 | 1456.8 |
        Depths |   6762 |   6493 |    269 |   1655 |   2818 |   4 | 1690.5 |
         Abyss |   2268 |   2268 |      0 |    351 |    641 |   4 |  567.0 |
        Bazaar |    196 |    196 |      0 |      0 |     64 |   1 |  196.0 |
      Gauntlet |    532 |    532 |      0 |      4 |    264 |   1 |  532.0 |
               +--------+--------+--------+--------+--------+-----+--------+

Top non-repeatable levels by time:
   Elf:3: 2290 daAuts
Vaults:2: 2150 daAuts
Depths:3: 2069 daAuts
   Orc:2: 2060 daAuts
    D:11: 1912 daAuts
Shoals:4: 1886 daAuts
Vaults:3: 1840 daAuts
    D:10: 1786 daAuts
Depths:4: 1780 daAuts
Vaults:4: 1761 daAuts
 Snake:4: 1751 daAuts
 Snake:3: 1679 daAuts
Shoals:3: 1646 daAuts
    D:15: 1628 daAuts
Depths:2: 1622 daAuts
